 Dungeon Crawl Stone Soup version 0.29-a0-359-g541a27f54d (webtiles) character file.

Game seed: 2004649340430960234

536 spiderkeys the Skirmisher (level 7, -6/60 HPs)
             Began as a Ghoul Abyssal Knight on Apr 28, 2022.
             Was a Priest of Lugonu.
             Mangled by a worm (7 damage)
             ... on level 5 of the Dungeon.
             The game lasted 00:04:43 (4171 turns).

spiderkeys the Skirmisher (Ghoul Abyssal Knight)    Turns: 4171, Time: 00:04:44

Health: -6/60      AC: 11    Str: 19    XL:     7   Next: 25%
Magic:  9/9        EV:  1    Int:  5    God:    Lugonu [***...]
Gold:   195        SH: 11    Dex:  9    Spells: 6/6 levels left

rFire   . . .      SeeInvis .   A - +1 war axe
rCold   + . .      Faith    .   m - +0 tower shield
rNeg    + + +      Spirit   .   o - +0 plate armour
rPois   ∞          Reflect  .   (no helmet)
rElec   .          Harm     .   d - scarf {repulsion}
rCorr   .          Rampage  .   (no gloves)
Will    .....                   (no boots)
Stlth   ..........              (no amulet)
HPRegen 0.00/turn               (no ring)
MPRegen 0.11/turn               (no ring)

@: inhibited regen, repel missiles
A: claws 1, cold resistance 1, negative energy resistance 3, inhibited
regeneration, torment resistance 2, devour on kill
a: Renounce Religion, Depart the Abyss, Bend Space, Banish


You were on level 5 of the Dungeon.
You worshipped Lugonu.
Lugonu was most pleased with you.
You visited 1 branch of the dungeon, and saw 5 of its levels.
You visited the Abyss 1 time.

You collected 195 gold pieces.


Innate Abilities, Weirdness & Mutations

You are immune to poison.
You have sharp fingernails.
Your flesh is cold resistant. (rC+)
You are immune to negative energy. (rN+++)
You do not regenerate when monsters are visible.
You are immune to unholy pain and torment.
You thrive by killing the living.


   Skills:
 + Level 4.9 Fighting
 + Level 3.4 Axes
 + Level 3.4 Armour
 - Level 1.0 Dodging
 + Level 2.5 Shields
 + Level 4.1 Invocations


You had 6 spell levels left.
You didn't know any spells.
Your spell library contained the following spells:

 Spells                   Type           Power      Damage    Failure   Level
 Ensorcelled Hibernation  Hex/Ice        0%         N/A       100%        2
 Static Discharge         Conj/Air       0%         N/A       100%        2
 Anguish                  Hex/Necr       0%         N/A       100%        4
 Lightning Bolt           Conj/Air       0%         1d11      100%        5
 Summon Hydra             Summ           0%         N/A       100%        7
 Maxwell's Capacitive Co  Air            0%         ∞         100%        8
 Sublimation of Blood     Necr           Unusable   N/A       N/A         2
 Wereblood                Tmut           Unusable   N/A       N/A         2
 Spider Form              Tmut/Pois      Unusable   N/A       N/A         3

Inventory:

Hand Weapons
 a - a +1 hand axe
 A - a +1 war axe (weapon)
   (You found it on level 3 of the Dungeon)
Missiles
 g - 19 poisoned darts
 n - 94 stones
 G - 3 boomerangs
Armour
 b - a +0 leather armour
 c - a +0 ring mail
   (You found it on level 1 of the Dungeon)
 d - a scarf of repulsion (worn)
   (You found it on level 1 of the Dungeon)
 f - a +0 scale mail
   (You found it on level 1 of the Dungeon)
 m - a +0 tower shield (worn)
   (You found it on level 1 of the Dungeon)
 o - a +0 plate armour (worn)
   (You found it on level 2 of the Dungeon)
 q - a +0 chain mail
   (You took it off an orc on level 5 of the Dungeon)
 r - a +0 robe
   (You found it on level 2 of the Dungeon)
 t - a +0 ring mail
   (You found it on level 2 of the Dungeon)
 u - a +0 robe
   (You found it on level 3 of the Dungeon)
 w - a +0 chain mail
   (You found it on level 3 of the Dungeon)
 x - a +0 plate armour
   (You found it on level 3 of the Dungeon)
 z - a +0 chain mail
   (You found it on level 3 of the Dungeon)
 E - a +0 leather armour
   (You took it off an orc on level 5 of the Dungeon)
 H - a +0 leather armour
   (You took it off an orc on level 5 of the Dungeon)
 I - a +0 leather armour
   (You took it off an orc on level 5 of the Dungeon)
 J - a +0 scale mail
   (You took it off an orc on level 5 of the Dungeon)
Jewellery
 F - a ring of protection from fire
   (You took it off a hobgoblin on level 4 of the Dungeon)
Wands
 i - a wand of iceblast (9)
   (You found it on level 5 of the Dungeon)
 D - a wand of paralysis (10)
   (You found it on level 4 of the Dungeon)
Scrolls
 e - a scroll of immolation {!r!r}
 h - a scroll of torment
 p - a scroll of identify {@r1}
 s - a scroll of fear
 v - 3 scrolls of teleportation {@r4}
 y - a scroll of vulnerability {!r!r}
Potions
 j - 5 potions of curing {@q1}
 k - a potion of cancellation {unknown}
 l - a potion of heal wounds {unknown}
 B - a potion of brilliance {unknown}
 C - a potion of magic {unknown}
 K - a potion of flight {unknown}

Dungeon Overview and Level Annotations

Branches:
Dungeon (5/15)
 Temple: D:4-7

Altars:
Nemelex Xobeh
Okawaru
Vehumet

Shops:
D:2

[ #......##.......#.....
########..........##..##.##.#
#......#..........# ...#.##.#
#......#..........# #..#.##.#
#......'..........# #..#.##.#
.......#..........# #....##.###
.......###........# #....#<...#
.....#.# #.#...w######...##.#.#
.....#.###.###.†@.............#
#........#.# #.#######...####.#
###......#.# #.#.....#......#.#
#........#.###)#.....#...##.#.#
#..............#.....#.#.## #.#
#....#.##.....)#.....#.#..# ...
#....#.......))')....#.#..#####
#....####.....)#.....#.#......#
##### #......#.....#.###.##.#


You could see a worm.


Message History

You are too injured to fight recklessly!
You are too injured to fight recklessly!
You are too injured to fight recklessly!
The orc barely misses you. You block the hound's attack. x2
The hound attacks as you move away! You block the hound's attack.
The hound attacks as you move away! You block the hound's attack.
The orc hits you but does no damage. The hound attacks as you move away!
You block the hound's attack.
A worm comes into view.
The hound bites you but does no damage. x2
The hound attacks as you move away! You block the hound's attack.
You barely miss the hound. You block the hound's attack.
The hound bites you but does no damage. You block the hound's attack.
You hit the hound. You barely miss the hound.
The sentinel's mark upon you fades away.
The hound bites you but does no damage. You block the hound's attack.
The hound bites you. x2; You block the hound's attack.
The hound barely misses you. 😮 HP[-6]
You take 6 damage, and now have 39/60 hp.
You hit the hound but do no damage. You closely miss the hound.
The hound bites you. You block the hound's attack. The hound bites you.
The hound bites you but does no damage.
You block the hound's attack. x2 😮 HP[-3]
You take 3 damage, and now have 36/60 hp.
You miss the hound. You hit the hound.
The hound bites you but does no damage. x2
The hound bites you. You block the hound's attack. 😮 HP[-4]
You take 4 damage, and now have 32/60 hp.
You closely miss the hound. You hit the hound. The hound completely misses you.
The hound bites you but does no damage. The hound barely misses you.
You block the hound's attack.
The hound bites you but does no damage. x2
You slash the hound!
You kill the hound!
Lugonu accepts your kill.
You miss the hound. The hound completely misses you.
The hound bites you but does no damage. You block the orc's attack.
The hound bites you but does no damage.
You hit the orc. You closely miss the hound. The hound bites you.
* * * LOW HITPOINT WARNING * * *
The orc hits you with a +0 flail!
* * * LOW HITPOINT WARNING * * *
You block the hound's attack. The orc barely misses you. 😨 HP[-9]
You take 9 damage, and now have 23/60 hp.
You closely miss the hound. You closely miss the orc.
The hound bites you but does no damage. x2
The orc hits you but does no damage. The hound bites you.
* * * LOW HITPOINT WARNING * * *
You block the orc's attack. 😨 HP[-3]
You take 3 damage, and now have 20/60 hp.
You miss the hound. You barely miss the orc.
The hound bites you but does no damage. x2; You block the orc's attack.
The hound bites you.
* * * LOW HITPOINT WARNING * * *
😱 HP[-5]
You take 5 damage, and now have 15/60 hp.
You hit the orc.
You kill the orc!
Lugonu accepts your kill.
You miss the hound.
You block the hound's attack. x2; The worm bites you.
* * * LOW HITPOINT WARNING * * *
😱 HP[-4]
You take 4 damage, and now have 11/60 hp.
You barely miss the hound. You hit the worm.
The hound bites you but does no damage. x2; The hound bites you.
* * * LOW HITPOINT WARNING * * *
The worm bites you.
* * * LOW HITPOINT WARNING * * *
😱 HP[-4]
You take 4 damage, and now have 7/60 hp.
You closely miss the hound. You hit the worm.
The hound bites you but does no damage. x2
The worm bites you but does no damage.
You closely miss the hound. You completely miss the worm.
The hound bites you but does no damage. x2; You block the hound's attack.
You block the worm's attack.
You miss the hound. You hit the worm but do no damage.
The hound bites you but does no damage. x2; The worm barely misses you.
The hound bites you.
* * * LOW HITPOINT WARNING * * *
😱 HP[-3]
You take 3 damage, and now have 4/60 hp.
You slash the hound!
You kill the hound!
Lugonu accepts your kill.
You hit the worm. The worm bites you but does no damage.
You hit the worm. You block the worm's attack.
You hit the worm. You block the worm's attack.
You hit the worm. The worm bites you.
* * * LOW HITPOINT WARNING * * *
😱 HP[-2]
You take 2 damage, and now have 2/60 hp.
You barely miss the worm. The worm bites you.
* * * LOW HITPOINT WARNING * * *
😱 HP[-1]
You take 1 damage, and now have 1/60 hp.
You hit the worm. The worm bites you!
You die...

Skill      XL: |  1  2  3  4  5  6  7 |
---------------+----------------------+-----
Dodging        | 1 |  1.0
Axes           | 2 3 |  3.4
Armour         | 2 3 |  3.4
Shields        | 1 2 |  2.5
Fighting       | 4 |  4.9
Invocations    | 3 4 |  4.1

Action                   |  1- 3 |  4- 6 |  7- 9 || total
-------------------------+-------+-------+-------++-------
Melee: Hand axe          |   121 |    63 |       ||   184
       Punch             |     1 |       |       ||     1
       War axe           |       |    75 |    54 ||   129
  Use: Scroll            |       |     9 |       ||     9
       Potion            |       |     1 |       ||     1
Armor: Ring mail         |    34 |       |       ||    34
       Leather armour    |     2 |       |       ||     2
       Plate armour      |    42 |   141 |    82 ||   265
Dodge: Dodged            |    52 |     9 |    10 ||    71
Block: Tower shield      |    51 |   105 |    63 ||   219

Levels and vault maps discovered:
D:1:      dpeg_arrival_water_altar, layout_loops_ring,
          hellmonk_ecumenical_altar_blasted
D:2:      kennysheep_big_flooded_room, layout_basic, serial_shops,
          nicolae_shop_trees
D:3:      layout_loops_ring
D:4:      layout_basic, mainiacjoe_overflow_brackets,
          mainiacjoe_overflow_concentric_impassable
D:5:      layout_basic, minmay_temple_entry_statues_fountains, serial_shops,
          shop

Notes
Turn   | Place    | Note
-------+----------+-------------------------------------------
     0 | Abyss:1  | spiderkeys the Ghoul Abyssal Knight began the quest for the
                  | Orb.
     0 | Abyss:1  | Reached XP level 1. HP: 19/19 MP: 1/1
     0 | Abyss:1  | magus.rc [v1.11.3]
    16 | D:1      | You pass through the gate.
    16 | D:1      | Escaped the Abyss
   163 | D:1      | Reached skill level 1 in Dodging
   206 | D:1      | Found a faded altar of an unknown god.
   340 | D:1      | Reached XP level 2. HP: 26/26 MP: 2/2
   386 | D:1      | You pick up a book of Blood and begin reading...
   421 | D:1      | Reached skill level 2 in Axes
   421 | D:1      | Reached skill level 2 in Armour
   951 | D:1      | Found a radiant altar of Vehumet.
   998 | D:2      | Found Usuyweagh's Armour Emporium.
  1054 | D:2      | Reached XP level 3. HP: 31/31 MP: 3/3
  1310 | D:2      | Reached XP level 4. HP: 40/40 MP: 3/5
  1511 | D:2      | Reached *** piety under Lugonu
  1797 | D:2      | HP: 8/40 [adder (3)]
  1800 | D:2      | Reached skill level 1 in Shields
  2200 | D:2      | You pick up a book of Dreams and begin reading...
  2200 | D:2      | You add the spells Ensorcelled Hibernation and Anguish to
                  | your library.
  2287 | D:3      | You pick up a book of Lightning and begin reading...
  2287 | D:3      | You add the spells Static Discharge, Lightning Bolt and
                  | Maxwell's Capacitive Coupling to your library.
  2388 | D:3      | Reached skill level 4 in Fighting
  2909 | D:4      | Reached skill level 3 in Invocations
  2909 | D:4      | Reached XP level 5. HP: 36/46 MP: 6/6
  3145 | D:4      | Found a sparkling altar of Nemelex Xobeh.
  3407 | D:4      | Reached XP level 6. HP: 53/53 MP: 7/7
  3430 | D:4      | Found an iron altar of Okawaru.
  3493 | D:4      | Reached skill level 3 in Axes
  3493 | D:4      | Reached skill level 3 in Armour
  3493 | D:4      | Reached skill level 2 in Shields
  3710 | D:5      | Entered Level 5 of the Dungeon
  3878 | D:5      | Reached XP level 7. HP: 52/60 MP: 8/8
  3894 | D:5      | Reached skill level 4 in Invocations
  4160 | D:5      | HP: 15/60 [hound (5)]
  4162 | D:5      | HP: 7/60 [worm (1)]
  4169 | D:5      | HP: 2/60 [worm (2)]
  4171 | D:5      | Mangled by a worm

Vanquished Creatures
  A phantom (D:4)
  2 necrophages
  A scorpion (D:5)
  3 hounds (D:5)
  An iguana (D:4)
  7 adders
  A white imp (D:5)
  2 worms (D:2)
  3 dart slugs
  12 orcs
  3 ball pythons
  7 endoplasms
  4 giant cockroaches
  5 goblins
  10 hobgoblins
  4 kobolds
  A quokka (D:2)
  8 bats
  2 frilled lizards (D:1)
  3 rats
80 creatures vanquished.

Table legend:
 A = Non-vault XP
 B = Vault XP
 C = Vault XP percentage of total XP
 D = Non-vault monster count
 E = Vault monster count
 F = Vault count percentage of total count
                 A         B        C        D         E       F
            +---------+---------+-------+---------+---------+-------
      Total |     749 |      18 |   2.3 |      78 |       2 |   2.5
            +---------+---------+-------+---------+---------+-------
        D:1 |      28 |       0 |   0.0 |      15 |       0 |   0.0
        D:2 |      80 |      18 |  18.4 |      23 |       2 |   8.0
        D:3 |      31 |       0 |   0.0 |      11 |       0 |   0.0
        D:4 |     266 |       0 |   0.0 |      13 |       0 |   0.0
        D:5 |     344 |       0 |   0.0 |      16 |       0 |   0.0
            +---------+---------+-------+---------+---------+-------

Illustrated notes

Table legend:
 A = Kills in this place as a percentage of kills in entire the game.
 B = Kills by you in this place as a percentage of kills by you in the entire game.
 C = Kills by friends in this place as a percentage of kills by friends in the entire game.
 D = Other kills in this place as a percentage of other kills in the entire game.
 E = Experience gained in this place as a percentage of experience gained in the entire game.
 F = Experience gained in this place divided by the number of levels of this place that you have seen.
                   A       B       C       D       E      F
               +-------+-------+-------+-------+-------+----------------------
         Total | 100.0 | 100.0 |   N/A |   N/A | 100.0 | 127.8
       Dungeon | 100.0 | 100.0 |   N/A |   N/A | 100.0 | 153.4
               +-------+-------+-------+-------+-------+----------------------

Table legend: (Time is in decaauts)
 A = Elapsed time spent in this place.
 B = Non-inter-level travel time spent in this place.
 C = Inter-level travel time spent in this place.
 D = Time resting spent in this place.
 E = Time spent auto-exploring this place.
 F = Levels seen in this place.
 G = Mean time per level.
                   A        B        C        D        E       F      G
               +--------+--------+--------+--------+--------+-----+--------+
         Total |   4376 |   4254 |    122 |     74 |   3313 |   6 |  729.3 |
       Dungeon |   4360 |   4238 |    122 |     74 |   3305 |   5 |  872.0 |
         Abyss |     16 |     16 |      0 |      0 |      8 |   1 |   16.0 |
               +--------+--------+--------+--------+--------+-----+--------+

Top non-repeatable levels by time:
     D:2: 1355 daAuts
     D:1: 996 daAuts
     D:4: 868 daAuts
     D:3: 621 daAuts
     D:5: 519 daAuts
 Abyss:1: 16 daAuts
